AoeStats
← bc129

Arabia

510155776Analyzed
2v2 RM · 3d ago on Sep 29, 2026· 37m 27s· 4 players
Game mode
Random Map
Map size
Medium (4 player)
Population
200
Speed
Normal
Resources
Standard
Victory
Conquest
Starting age
Dark Age
Ending age
Imperial Age
RankedLock teamsTeams togetherTeam positionsShared explorationLock speedFull tech treeHidden civsTurbo modeCheats
Victory
Defeat
🇧🇪 Mongols · Belgium
1225
+9
🇧🇪 Franks · Belgium
910
+22
🇧🇷 Chinese · Brazil
1069
-16
🇧🇷 Saxons · Brazil
1047
-15
Dioin
7:15 Loom
10:09 Feudal Age
10:58 Double-Bit Axe
21:17 Castle Age
19:42 Stone Mining
22:24 Scale Mail Armor
22:36 Forging
23:18 Bow Saw
23:44 Chain Mail Armor
24:56 Elite Skirmisher
26:11 Gambesons
27:51 Squires
27:52 Horse Collar
27:52 Pikeman
30:38 Iron Casting
30:49 Padded Archer Armor
31:35 Heavy Plow
33:40 Wheelbarrow
33:22 Town Watch
33:38 Arson
33:56 Guard Tower
36:43 Imperial Age
36:08 Ballistics
36:54 Hand Cart
Taxista
0:28 Loom
10:21 Feudal Age
13:42 Scale Barding Armor
18:37 Forging
22:53 Castle Age
24:45 Wheelbarrow
24:11 Double-Bit Axe
25:08 Horse Collar
26:21 Bow Saw
26:08 Gold Mining
28:38 Pikeman
29:19 Squires
30:38 Hand Cart
30:36 Stone Mining
bc129
9:57 Feudal Age
8:15 Loom
10:25 Double-Bit Axe
19:22 Castle Age
17:21 Stone Mining
18:24 Gold Mining
23:08 Bow Saw
26:31 Gold Shaft Mining
33:48 Imperial Age
Pillage The Village
5:32 Loom
8:33 Feudal Age
15:06 Double-Bit Axe
22:15 Castle Age
20:46 Forging
20:42 Scale Barding Armor
21:06 Bloodlines
22:03 Scale Barding Armor
23:14 Bow Saw
23:48 Husbandry
24:50 Gold Mining
27:34 Iron Casting
29:15 Horse Collar
37:48 Imperial Age
35:27 Fletching
36:36 Bodkin Arrow
36:57 Padded Archer Armor
37:50 Ballistics
Connection lost

Rejoining the realm…

Still unreachable

The connection could not be restored.

Session expired

The server has moved on; the page needs a fresh start.